[Event "Tata Steel-A 80th"]
[Site "Wijk aan Zee"]
[Date "2018.01.15"]
[Round "3"]
[White "Kramnik, Vladimir"]
[Black "Hou, Yifan"]
[Result "1/2-1/2"]
[ECO "A18"]
[WhiteElo "2787"]
[BlackElo "2680"]
[PlyCount "64"]
[EventDate "2018.01.13"]
[EventType "tourn"]
[EventRounds "13"]
[EventCountry "NED"]
[EventCategory "20"]
[SourceTitle "CBM 183"]
[Source "ChessBase"]
[SourceDate "2018.03.14"]
[SourceVersion "1"]
[SourceVersionDate "2018.03.14"]
[SourceQuality "1"]
[TimeControl "40/6000+30:20/3000+30:900+30"]

1. c4 e6 2. Nc3 Nf6 3. e4 d5 4. cxd5 exd5 5. e5 Ne4 6. Nf3 Bf5 7. d3 Nxc3 8. bxc3 Be7 9. d4 O-O 10. Bd3 Qd7 11. O-O Nc6 12. Re1 b6 13.
Bb5 Qe6 14. Ng5 Bxg5 15. Bxg5 Qg6 16. h4 a6 17. Be2 h6 18.
Bf4 Qe6 19. h5 Be4 20. Bg4 Bf5 21. Bf3 Rad8 22. Qe2 Na5 23. g4 Be4 24. Bxe4 dxe4 25. Bg3 c5 26. dxc5 Nc4 27. Qxe4 Nd2 28. Qf4 bxc5 29. Re3 Nc4 30. Re4 Nd2 31. Re3 Nc4 32. Re4 Nd2 1/2-1/2

[Event "Tata Steel-A 80th"]
[Site "Wijk aan Zee"]
[Date "2018.01.15"]
[Round "3"]
[White "Mamedyarov, Shakhriyar"]
[Black "Matlakov, Maxim"]
[Result "1/2-1/2"]
[ECO "D46"]
[WhiteElo "2804"]
[BlackElo "2718"]
[PlyCount "49"]
[EventDate "2018.01.13"]
[EventType "tourn"]
[EventRounds "13"]
[EventCountry "NED"]
[EventCategory "20"]
[SourceTitle "CBM 183"]
[Source "ChessBase"]
[SourceDate "2018.03.14"]
[SourceVersion "1"]
[SourceVersionDate "2018.03.14"]
[SourceQuality "1"]
[TimeControl "40/6000+30:20/3000+30:900+30"]

1. d4 d5 2. c4 c6 3. Nf3 Nf6 4. Nc3 e6 5. e3 Nbd7 6. Be2 Bd6 7. Qc2 O-O 8.
O-O dxc4 9. a4 e5 10. Bxc4 exd4 11. exd4 Nb6 12. Bb3 Nbd5 13.
Bg5 Be6 14. Nxd5 cxd5 15. Qd3 Be7 16. Ne5 Ne4 17. Bxe7 Qxe7 18. f3 Nd6 19. Rfe1 Rac8 20. a5 Qg5 21. Rad1 Rfd8 22. g3 Nc4 23.
Bc2 g6 24. Nxc4 Rxc4 25. Bb3 1/2-1/2

[Event "Tata Steel-A 80th"]
[Site "Wijk aan Zee"]
[Date "2018.01.15"]
[Round "3"]
[White "So, Wesley"]
[Black "Karjakin, Sergey"]
[Result "1/2-1/2"]
[ECO "D38"]
[WhiteElo "2792"]
[BlackElo "2753"]
[PlyCount "92"]
[EventDate "2018.01.13"]
[EventType "tourn"]
[EventRounds "13"]
[EventCountry "NED"]
[EventCategory "20"]
[SourceTitle "CBM 183"]
[Source "ChessBase"]
[SourceDate "2018.03.14"]
[SourceVersion "1"]
[SourceVersionDate "2018.03.14"]
[SourceQuality "1"]
[TimeControl "40/6000+30:20/3000+30:900+30"]

1. d4 Nf6 2. Nf3 d5 3. c4 e6 4. Nc3 Bb4 5. cxd5 exd5 6. Bg5 O-O 7. e3 h6 8. Bh4 Bf5 9. Qb3 Bxc3+ 10. bxc3 Nbd7 11. Be2 c5 12. dxc5 g5 13. Nd4 Bg6 14. c6 bxc6 15. Nxc6 Qe8 16. Bg3 Nc5 17. Qb5 Nfe4 18. O-O Rc8 19. Nd4 Nxc3 20. Qa5 Nxe2+ 21. Nxe2 Qa4 22. Qxa4 Nxa4 23. Rfd1 Rfd8 24. Be5 Re8 25. Bd4 Rc2 26. Kf1 a6 27. h4 gxh4 28. Nf4 Nb2 29. Rdc1 Rxc1+ 30. Rxc1 Nd3 31. Nxd3 Bxd3+ 32. Kg1 Bc4 33. a3 Rb8 34. Kh2 Rb3 35. Ra1 Rd3 36. Kh3 Rd2 37. f3 Bd3 38. Rg1 Bc2 39. Kxh4 Rd1 40. Rxd1 Bxd1 41. Kg4 Be2 42. Kf5 h5 43. Kg5 Bf1 44. g3 Be2 45. e4 Bxf3 46. exd5 Bxd5 1/2-1/2

[Event "Tata Steel-A 80th"]
[Site "Wijk aan Zee"]
[Date "2018.01.15"]
[Round "3"]
[White "Svidler, Peter"]
[Black "Giri, Anish"]
[Result "1/2-1/2"]
[ECO "C48"]
[WhiteElo "2768"]
[BlackElo "2752"]
[PlyCount "42"]
[EventDate "2018.01.13"]
[EventType "tourn"]
[EventRounds "13"]
[EventCountry "NED"]
[EventCategory "20"]
[SourceTitle "CBM 183"]
[Source "ChessBase"]
[SourceDate "2018.03.14"]
[SourceVersion "1"]
[SourceVersionDate "2018.03.14"]
[SourceQuality "1"]
[TimeControl "40/6000+30:20/3000+30:900+30"]

1. e4 e5 2. Nf3 Nc6 3. Bb5 Nf6 4. Nc3 Nd4 5. Bc4 Bc5 6. d3 d6 7. Na4 b5 8. Nxd4 bxc4 9. Ne2 cxd3 10. Qxd3 Bb4+ 11. c3 Qd7 12. b3 Ba5 13. O-O Bb7 14. f3 Bc6 15. Qa6 Bb6+ 16. Nxb6 axb6 17. Qd3 d5 18. exd5 Qxd5 19. Rd1 Qxd3 20. Rxd3 O-O 21. c4 Rfe8 1/2-1/2

[Event "Tata Steel-A 80th"]
[Site "Wijk aan Zee"]
[Date "2018.01.16"]
[Round "4"]
[White "Caruana, Fabiano"]
[Black "So, Wesley"]
[Result "1/2-1/2"]
[ECO "E46"]
[WhiteElo "2811"]
[BlackElo "2792"]
[PlyCount "96"]
[EventDate "2018.01.13"]
[EventType "tourn"]
[EventRounds "13"]
[EventCountry "NED"]
[EventCategory "20"]
[SourceTitle "CBM 183"]
[Source "ChessBase"]
[SourceDate "2018.03.14"]
[SourceVersion "1"]
[SourceVersionDate "2018.03.14"]
[SourceQuality "1"]
[TimeControl "40/6000+30:20/3000+30:900+30"]

1. d4 Nf6 2. c4 e6 3. Nc3 Bb4 4. e3 O-O 5. Nge2 d5 6. a3 Be7 7. cxd5 exd5 8.
Nf4 Re8 9. Bd3 Bd6 10. O-O Bxf4 11. exf4 Nc6 12. Be3 Ne7 13. Qc2 g6 14. f3 Bf5 15. g4 Bxd3 16. Qxd3 Kg7 17. Rae1 Qd7 18. Bf2 h5 19. h3 c6 20. Ne2 hxg4 21. hxg4 Nfg8 22. Bh4 f5 23. Ng3 Rf8 24. Re5 Rf7 25.
Qe2 Kf8 26. Re6 Rc8 27. b4 b6 28. Re1 c5 29. bxc5 bxc5 30.
dxc5 Qc7 31. Kg2 Qxc5 32. Qe5 fxg4 33. fxg4 d4 34. Qxc5 Rxc5 35. Ne4 Rc2+ 36. Kf3 Nd5 37. Bg5 {[%emt 0:00:09] Caruana missed a chance with 37.
Rd6, when after 37...Nxf4, he would have 38.Ng5 and black's knight is lost.
Instead after 37.Bg5 the game ended in a draw ten moves later.} (37. Rd6 Nxf4
38. Ng5 ) 37... Rh7 38. Nd6 d3 39. f5 Rh3+ 40. Ke4 d2 41. Rf1 d1=Q 42.
Rxd1 Nc3+ 43. Kd4 Nxd1 44. f6 Nxf6 45. Bxf6 Rd2+ 46. Kc5 Rc2+ 47. Kd4 Rd2+ 48. Kc5 Rc2+ 1/2-1/2

[Event "Tata Steel-A 80th"]
[Site "Wijk aan Zee"]
[Date "2018.01.16"]
[Round "4"]
[White "Giri, Anish"]
[Black "Carlsen, Magnus"]
[Result "1/2-1/2"]
[ECO "C18"]
[WhiteElo "2752"]
[BlackElo "2834"]
[PlyCount "61"]
[EventDate "2018.01.13"]
[EventType "tourn"]
[EventRounds "13"]
[EventCountry "NED"]
[EventCategory "20"]
[SourceTitle "CBM 183"]
[Source "ChessBase"]
[SourceDate "2018.03.14"]
[SourceVersion "1"]
[SourceVersionDate "2018.03.14"]
[SourceQuality "1"]
[TimeControl "40/6000+30:20/3000+30:900+30"]

1. e4 e6 2. d4 d5 3. Nc3 Bb4 4. e5 Ne7 5. a3 Bxc3+ 6. bxc3 c5 7. Qg4 cxd4 8. Qxg7 Rg8 9. Qxh7 Qc7 10. Ne2 Nbc6 11. f4 dxc3 12. Nxc3 Nd4 13. Bb2 Bd7 14. O-O-O Qb6 15. Qd3 Ndf5 16. Rd2 Rc8 17. g3 Ne3 18. Ne4 Rxc2+ 19. Rxc2 dxe4 20. Qxe4 Nxc2 21. Qxc2 Bc6 22. Bg2 Bxg2 23. Qxg2 Nd5 24. Kb1 Nc3+ 25. Ka1 Qb3 26. Bxc3 Qxa3+ 27. Kb1 Qxc3 28. Rc1 Qb4+ 29. Qb2 Qe4+ 30. Qc2 Qb4+ 31. Qb2 1/2-1/2

[Event "Tata Steel-A 80th"]
[Site "Wijk aan Zee"]
[Date "2018.01.16"]
[Round "4"]
[White "Karjakin, Sergey"]
[Black "Mamedyarov, Shakhriyar"]
[Result "1/2-1/2"]
[ECO "C42"]
[WhiteElo "2753"]
[BlackElo "2804"]
[PlyCount "70"]
[EventDate "2018.01.13"]
[EventType "tourn"]
[EventRounds "13"]
[EventCountry "NED"]
[EventCategory "20"]
[SourceTitle "CBM 183"]
[Source "ChessBase"]
[SourceDate "2018.03.14"]
[SourceVersion "1"]
[SourceVersionDate "2018.03.14"]
[SourceQuality "1"]
[TimeControl "40/6000+30:20/3000+30:900+30"]

1. e4 e5 2. Nf3 Nf6 3. Nxe5 d6 4. Nf3 Nxe4 5. d4 d5 6. Bd3 Nc6 7. O-O Be7 8. Nbd2 Bf5 9. Re1 Nxd2 10. Qxd2 Bxd3 11. Qxd3 O-O 12. c3 h6 13. Bf4 Bd6 14. Bg3 Qd7 15. Re3 Rfe8 16. Rae1 Rxe3 17. Rxe3 a6 18. Bxd6 Qxd6 19. Nh4 Qd7 20. Qf5 Rd8 21. Qxd7 Rxd7 22. Re8+ Kh7 23. Rc8 Ne7 24. Rb8 c5 25. Nf3 Nc6 26. Rc8 cxd4 27. Nxd4 Nxd4 28. cxd4 Re7 29. Kf1 Re4 30. Rc7 b5 31. Rxf7 Rxd4 32. Ke2 Ra4 33. a3 Rc4 34. Kd3 b4 35. axb4 Rxb4 1/2-1/2

[Event "Tata Steel-A 80th"]
[Site "Wijk aan Zee"]
[Date "2018.01.17"]
[Round "5"]
[White "Anand, Viswanathan"]
[Black "Wei, Yi"]
[Result "1/2-1/2"]
[ECO "C42"]
[WhiteElo "2767"]
[BlackElo "2743"]
[PlyCount "58"]
[EventDate "2018.01.13"]
[EventType "tourn"]
[EventRounds "13"]
[EventCountry "NED"]
[EventCategory "20"]
[SourceTitle "CBM 183"]
[Source "ChessBase"]
[SourceDate "2018.03.14"]
[SourceVersion "1"]
[SourceVersionDate "2018.03.14"]
[SourceQuality "1"]
[TimeControl "40/6000+30:20/3000+30:900+30"]

1. e4 e5 2. Nf3 Nf6 3. Nxe5 d6 4. Nf3 Nxe4 5. d4 d5 6. Bd3 Bf5 7. O-O Be7 8. Re1 O-O 9. c4 Nc6 10. cxd5 Qxd5 11. Nc3 Nxc3 12. bxc3 Rae8 13. Bf4 Bxd3 14. Qxd3 Bd6 15. c4 Qh5 16. Bxd6 cxd6 17. Qa3 Qa5 18. Qxd6 Rxe1+ 19. Rxe1 Rd8 20. Re3 h6 21. Qf4 Qxa2 22. d5 Na5 23. Qc7 Qb1+ 24. Re1 Qb6 25. Re7 Qxc7 26. Rxc7 b5 27. cxb5 Rxd5 28. h3 Rxb5 29. Rxa7 Nc6 1/2-1/2

[Event "Tata Steel-A 80th"]
[Site "Wijk aan Zee"]
[Date "2018.01.17"]
[Round "5"]
[White "Carlsen, Magnus"]
[Black "Kramnik, Vladimir"]
[Result "1/2-1/2"]
[ECO "C54"]
[WhiteElo "2834"]
[BlackElo "2787"]
[PlyCount "126"]
[EventDate "2018.01.13"]
[EventType "tourn"]
[EventRounds "13"]
[EventCountry "NED"]
[EventCategory "20"]
[SourceTitle "CBM 183"]
[Source "ChessBase"]
[SourceDate "2018.03.14"]
[SourceVersion "1"]
[SourceVersionDate "2018.03.14"]
[SourceQuality "1"]
[TimeControl "40/6000+30:20/3000+30:900+30"]

{Especially dramatic was the match between Magnus Carlsen and Vladimir Kramnik.
In an Italian game Kramnik reached easy equality with Black} 1. e4 e5 2. Nf3 Nc6 3. Bc4 Bc5 4. O-O Nf6 5. d3 d6 6. c3 a6 7. a4 O-O 8. h3 h6 9. Re1 Re8 10. Nbd2 Be6 11. Bxe6 Rxe6 12. b4 Ba7 13. Qc2 Qd7 14. Nf1 d5 15. Ng3 Rd8 16. exd5 Qxd5 17. Be3 Qxd3 18. Qxd3 Rxd3 19. Bxa7 Nxa7 20.
Nxe5 Rd5 21. Ng4 Nxg4 22. Rxe6 fxe6 23. hxg4 a5 24. f3 Nc6 25. Rb1 b6 26. Ne4 axb4 27. cxb4 Rd4 28. b5 $6 {
[%emt 0:01:15] After one "impulsive" move (28.b5) — as Carlsen said after
the game — the Norwegian even came under pressure and had to save himself in
a rook ending, where black had two pawns extra — although doubled on the
g-line. With only one g-pawn it would be a theoretical draw, but the second
g-pawn made the matter "tricky" to quote Carlsen. But Carlsen defended himself
precisely and saved the draw} Ne5 29. Rc1 Nxg4 30. fxg4 Rxe4 31. Rxc7 Rxa4 32. Rc6 Kf7 33. g5 hxg5 34. Rxb6 Rb4 35. Rb8 Kf6 36. b6 Ke5 37. Kh2 Rb3 38. g4 Kf4 39. b7 Kxg4 40. Re8 Rxb7 41. Rxe6 Rb2+ 42. Kg1 Kf3 43. Ra6 Rg2+ 44. Kh1 Re2 45. Kg1 g4 46. Ra1 Re8 47. Rb1 g3 48. Rb3+ Re3 49. Rb1 Re8 50. Rb3+ Kg4 51. Rb5 Re1+ 52. Kg2 Re2+ 53. Kg1 g5 54. Rb8 Re1+ 55. Kg2 Re2+ 56. Kg1 Ra2 57. Rc8 Ra1+ 58. Kg2 Ra2+ 59. Kg1 g2 60. Rc4+ Kh3 61. Rc3+ Kh4 62. Rc4+ g4 63. Rc3 Kh5 1/2-1/2

[Event "Tata Steel-A 80th"]
[Site "Wijk aan Zee"]
[Date "2018.01.17"]
[Round "5"]
[White "Jones, Gawain C B"]
[Black "Giri, Anish"]
[Result "1/2-1/2"]
[ECO "B14"]
[WhiteElo "2640"]
[BlackElo "2752"]
[PlyCount "49"]
[EventDate "2018.01.13"]
[EventType "tourn"]
[EventRounds "13"]
[EventCountry "NED"]
[EventCategory "20"]
[SourceTitle "CBM 183"]
[Source "ChessBase"]
[SourceDate "2018.03.14"]
[SourceVersion "1"]
[SourceVersionDate "2018.03.14"]
[SourceQuality "1"]
[TimeControl "40/6000+30:20/3000+30:900+30"]

1. e4 c6 2. d4 d5 3. exd5 cxd5 4. c4 Nf6 5. Nc3 e6 6. Nf3 Bb4 7. cxd5 Nxd5 8. Bd2 O-O 9. Bd3 Nc6 10. O-O Be7 11. Nxd5 exd5 12. h3 Bf6 13. Bc3 Be6 14. Re1 g6 15. Qd2 Rc8 16. Rac1 a6 17. Qf4 Bg7 18. b3 Qf6 19. Qxf6 Bxf6 20. Ne5 Be7 21. Nxc6 Rxc6 22. Bd2 Rfc8 23. Rxc6 Rxc6 24. Rc1 Rxc1+ 25. Bxc1 1/2-1/2

[Event "Tata Steel-A 80th"]
[Site "Wijk aan Zee"]
[Date "2018.01.17"]
[Round "5"]
[White "Matlakov, Maxim"]
[Black "Karjakin, Sergey"]
[Result "1/2-1/2"]
[ECO "A07"]
[WhiteElo "2718"]
[BlackElo "2753"]
[PlyCount "32"]
[EventDate "2018.01.13"]
[EventType "tourn"]
[EventRounds "13"]
[EventCountry "NED"]
[EventCategory "20"]
[SourceTitle "CBM 183"]
[Source "ChessBase"]
[SourceDate "2018.03.14"]
[SourceVersion "1"]
[SourceVersionDate "2018.03.14"]
[SourceQuality "1"]
[TimeControl "40/6000+30:20/3000+30:900+30"]

1. Nf3 d5 2. g3 c6 3. Bg2 Nf6 4. O-O Bg4 5. h3 Bh5 6. d4 e6 7. c4 Be7 8. Nc3 O-O 9. Ne5 Nbd7 10. g4 Bg6 11. Nxg6 hxg6 12. Qd3 Ne8 13.
cxd5 exd5 14. Rb1 a5 15. a3 Nd6 16. b4 {[%emt 0:
02:40] The game between Maxim Matlakov and Sergey Karjakin was less forced,
but the result was the same as between Anand and Wei. In a position on move 17
in which both sides could still play on, Matlakov and Karjakin shook hands}
axb4 (16... axb4 17. e4 {Karjakin felt the game would see
simplifying exchanges, yet with unbalanced material and pawn structure, once
wonders if another pairing with the same moves would not have continued})
1/2-1/2

[Event "Tata Steel-A 80th"]
[Site "Wijk aan Zee"]
[Date "2018.01.17"]
[Round "5"]
[White "So, Wesley"]
[Black "Adhiban, Baskaran"]
[Result "1-0"]
[ECO "A21"]
[WhiteElo "2792"]
[BlackElo "2655"]
[PlyCount "159"]
[EventDate "2018.01.13"]
[EventType "tourn"]
[EventRounds "13"]
[EventCountry "NED"]
[EventCategory "20"]
[SourceTitle "CBM 183"]
[Source "ChessBase"]
[SourceDate "2018.03.14"]
[SourceVersion "1"]
[SourceVersionDate "2018.03.14"]
[SourceQuality "1"]
[TimeControl "40/6000+30:20/3000+30:900+30"]

1. c4 d6 2. Nc3 e5 3. g3 Be7 4. Bg2 f5 5. d4 Nf6 6. dxe5 dxe5 7. Qxd8+ Bxd8 8. b3 O-O 9. Bb2 c6 10. Nf3 Bc7 11. O-O Na6 12. Rfd1 Re8 13.
Rac1 e4 14. Nd4 f4 15. Ndb5 fxg3 16. hxg3 e3 17. f4 Bg4 18. Nxc7 Nxc7 19. Ba3 Ne6 20. Bd6 g5 21. fxg5 Nxg5 22. Rd4 Ne6 23. Rd3 Ng7 24. Rf1 Nf5 25. Bf3 Bh3 26. Bg2 Bg4 27. Rf4 Re6 28. Bc7 h5 29. Bf3 Ng7 30. Bd8 Nge8 31. Kg2 Bxf3+ 32. Rxf3 Ng4 33. Rf5 Ng7 34. Rf4 Rg6 35. Bh4 Ne6 36. Rf5 Re8 37. Ne4 Ng7 38. Nf6+ Nxf6 39. Rxf6 Rxf6 40. Bxf6 Nf5 41. Kf3 Kf7 42. Bg5 Rg8 43. Bf4 Ke6 44. Rd1 b5 45. cxb5 cxb5 46. Rh1 Rh8 47. Bxe3 Nxe3 48. Kxe3 Kf5 49. Rh4 Re8+ 50. Kf3 Kg5 51. Rd4 Rf8+ 52. Rf4 Rc8 53. Re4 Rc3+ 54. e3 Rc5 55. b4 Rf5+ 56. Rf4 Rd5 57. Rf7 a6 58. Rg7+ Kh6 59. Rc7 Rd6 60. Rc5 Rf6+ 61. Ke4 Rg6 62. Kf3 Rf6+ 63. Kg2 Rd6 64. Kh3 Re6 65. Rc3 Kg5 66. a3 Kg6 67. g4 hxg4+ 68. Kxg4 Kf6 69. Kf4 Ke7 70. e4 Rh6 71. Rc7+ Kd8 72. Ra7 Kc8 73. e5 Kb8 74. Rd7 a5 75.
bxa5 Ra6 76. Rd5 Rxa5 77. e6 Kc7 78. e7 Ra8 79. Kf5 Kc6 80.
Rd8 1-0

[Event "Tata Steel-A 80th"]
[Site "Wijk aan Zee"]
[Date "2018.01.19"]
[Round "6"]
[White "Caruana, Fabiano"]
[Black "Matlakov, Maxim"]
[Result "1/2-1/2"]
[ECO "C88"]
[WhiteElo "2811"]
[BlackElo "2718"]
[PlyCount "75"]
[EventDate "2018.01.13"]
[EventType "tourn"]
[EventRounds "13"]
[EventCountry "NED"]
[EventCategory "20"]
[SourceTitle "CBM 183"]
[Source "ChessBase"]
[SourceDate "2018.03.14"]
[SourceVersion "1"]
[SourceVersionDate "2018.03.14"]
[SourceQuality "1"]
[TimeControl "40/6000+30:20/3000+30:900+30"]

1. e4 e5 2. Nf3 Nc6 3. Bb5 a6 4. Ba4 Nf6 5. O-O Be7 6. Re1 b5 7. Bb3 O-O 8. a4 b4 9. d4 d6 10. dxe5 Nxe5 11. Nxe5 dxe5 12. Qe2 Bc5 13. Be3 Bd4 14. Bxd4 Qxd4 15. Rd1 Bg4 16. Rxd4 Bxe2 17. Rd2 Rfd8 18. f3 Rxd2 19. Nxd2 Rd8 20. Nc4 Bxc4 21. Bxc4 a5 22. Rc1 Kf8 23. c3 b3 24. Rb1 Rb8 25. Ra1 Rd8 26. Ra3 Rd1+ 27. Bf1 Nd7 28.
Rxb3 Nb6 29. Kf2 Nxa4 30. Rb8+ Ke7 31. Rb5 Kd6 32. Be2 Rd2 33. Rxa5 Nxb2 34. Ke3 Rc2 35. Rd5+ Ke6 36. Rc5 Kd6 37. Rd5+ Ke6 38. Rc5 1/2-1/2

[Event "Tata Steel-A 80th"]
[Site "Wijk aan Zee"]
[Date "2018.01.19"]
[Round "6"]
[White "Giri, Anish"]
[Black "Anand, Viswanathan"]
[Result "1/2-1/2"]
[ECO "E03"]
[WhiteElo "2752"]
[BlackElo "2767"]
[PlyCount "39"]
[EventDate "2018.01.13"]
[EventType "tourn"]
[EventRounds "13"]
[EventCountry "NED"]
[EventCategory "20"]
[SourceTitle "CBM 183"]
[Source "ChessBase"]
[SourceDate "2018.03.14"]
[SourceVersion "1"]
[SourceVersionDate "2018.03.14"]
[SourceQuality "1"]
[TimeControl "40/6000+30:20/3000+30:900+30"]

1. d4 Nf6 2. c4 e6 3. g3 d5 4. Bg2 dxc4 5. Qa4+ Nbd7 6. Qxc4 a6 7. Qc2 c5 8. Nf3 b5 9. Ne5 Nd5 10. Nxd7 Bxd7 11. Bxd5 exd5 12. dxc5 Bc6 13. O-O d4 14. Bf4 Qd5 15. f3 d3 16. exd3 Qxc5+ 17. Qxc5 Bxc5+ 18. Kg2 Bd4 19. Nc3 Kd7 20. Rae1 1/2-1/2

[Event "Tata Steel-A 80th"]
[Site "Wijk aan Zee"]
[Date "2018.01.19"]
[Round "6"]
[White "Hou, Yifan"]
[Black "Karjakin, Sergey"]
[Result "1/2-1/2"]
[ECO "B19"]
[WhiteElo "2680"]
[BlackElo "2753"]
[PlyCount "63"]
[EventDate "2018.01.13"]
[EventType "tourn"]
[EventRounds "13"]
[EventCountry "NED"]
[EventCategory "20"]
[SourceTitle "CBM 183"]
[Source "ChessBase"]
[SourceDate "2018.03.14"]
[SourceVersion "1"]
[SourceVersionDate "2018.03.14"]
[SourceQuality "1"]
[TimeControl "40/6000+30:20/3000+30:900+30"]

1. e4 c6 2. d4 d5 3. Nc3 dxe4 4. Nxe4 Bf5 5. Ng3 Bg6 6. h4 h6 7. Nf3 e6 8. Ne5 Bh7 9. Bd3 Bxd3 10. Qxd3 Nd7 11. f4 Be7 12. Bd2 Nxe5 13.
fxe5 Bxh4 14. O-O-O Bxg3 15. Qxg3 Ne7 16. Qxg7 Rg8 17. Qf6 Nf5 18. Bxh6 Qxf6 19. exf6 Rd8 20. Bf4 Nxd4 21. Rd2 c5 22. c3 Nc6 23. Bd6 b6 24. b4 cxb4 25. cxb4 a5 26. b5 Na7 27. a4 Nc8 28.
Rhd1 Rg4 29. Bb8 Rxd2 30. Rxd2 Rxa4 31. Rc2 Kd8 32. Rd2+ 1/2-1/2

[Event "Tata Steel-A 80th"]
[Site "Wijk aan Zee"]
[Date "2018.01.19"]
[Round "6"]
[White "Kramnik, Vladimir"]
[Black "Jones, Gawain C B"]
[Result "1/2-1/2"]
[ECO "A49"]
[WhiteElo "2787"]
[BlackElo "2640"]
[Annotator "Yermolinsky,A"]
[PlyCount "82"]
[EventDate "2018.01.13"]
[EventType "tourn"]
[EventRounds "13"]
[EventCountry "NED"]
[EventCategory "20"]
[SourceTitle "CBM 183"]
[Source "ChessBase"]
[SourceDate "2018.03.14"]
[SourceVersion "1"]
[SourceVersionDate "2018.03.14"]
[SourceQuality "1"]
[TimeControl "40/6000+30:20/3000+30:900+30"]

1. d4 Nf6 2. Nf3 g6 3. g3 Bg7 4. Bg2 O-O 5. O-O d6 6. Re1 c6 $6 ({I think} 6... c5 {represents Black's
best option here.}) 7. e4 Qc7 ({Probably} 
7... Bg4 {has to be played, but parting with the bishop is a concession,
particularly here where, unlike in the KID, the white c-pawn can give
protection to the d4-pawn.}) 8. e5 {[%emt 0:06:58] A novelty, but the reason
it had not been played before is because good players never had a crack at
this position.} dxe5 9. dxe5 Nd5 10. Qe2 $14 {[%emt 0:01:45] Sometimes White goes from an early e4-e5 in
various variations of the Pirc, but here with the fianchettoed light-squared
bishop he has the perfect version of it.} b5 (10... Bg4 11. c4
Nb6 12. Bf4 Qc8 13. Nc3 c5) 11. Nbd2 a5 12.
c4 Nb4 13. Nd4 Rd8 $1 {
[%emt 0:02:15] I have to give credit to Gawain Jones for his spirited defence.}
14. a3 Rxd4 15. axb4 bxc4 16. Nxc4 Bg4 $1 {[%emt 0:07:12] Black's
counterplay isn't so easy to contain.} 17. Qf1 $5 {[%emt 0:11:47] Watch
Kramnik's solution to the problem.} (17. Qc2 Bf5 18. Be4 Be6 19. Nxa5 Rxb4 20.
Bd2 Rd4 {is a bit confusing.}) ({And the same goes for} 17. f3 Be6 18. b3 a4
19. f4 axb3 $1 20. Rxa8 Rxc4) 17... Bf5 18. Be3 $1 {[%emt 0:
02:23] There's nothing Vladimir values more in chess than an opportunity to
take away the opponent's counterplay, even at the cost of a small material
concession. We have seen many of his games with exchange sacrifices, and now
Kramnik is happy to part with his queen.} Bd3 19. Bxd4 Bxf1 20. Bxf1 c5 21. Bxc5 Nd7 22. Bd4 a4 23. b5 Rb8 24. Rec1 h5 $16 25. b6 $6 {[%emt 0:09:07] Perhaps that
pawn spoke too soon.} ({Further preparation, beginning with} 25. Bg2 {was in
order.}) 25... Qc6 26. Na5 (26. Bg2 Qb5)
26... Qe6 27. Bc4 Qg4 28.
Nc6 Rxb6 {[%emt 0:02:15] Jones was happy to get rid of that
pawn no matter the cost.} 29. Bxb6 Nxb6 30.
Nxe7+ Kf8 31. Nd5 Bxe5 $5 {
[%emt 0:02:35] Now Gawain shows his ambitions.} (31... Nxd5 32. Bxd5 Bxe5 33.
Rc4 Qe2 34. Rcxa4 Bxb2 {would be enough for a draw.}) 32. Nxb6 Bxb2 33. h3 $6 {[%emt 0:01:43] Being short of time Kramnik
decides to eliminate the a-pawn.} (33. Rab1 Bxc1 34. Rxc1 a3 35. Nd5 Qd4 36.
Ne3 {would be safe for him anyway, but I'm not sure White would have been able
to generate winning chances from there.}) 33... Qxh3 34. Bf1 Qe6 35. Nxa4 Bxa1 36. Rxa1 h4 37. Nc5 Qd5 38. Rc1 hxg3 39. Nd3 gxf2+ 40. Kxf2 Qd4+ 41. Ke2 Qg4+ 1/2-1/2

[Event "Tata Steel-A 80th"]
[Site "Wijk aan Zee"]
[Date "2018.01.20"]
[Round "7"]
[White "Jones, Gawain C B"]
[Black "Svidler, Peter"]
[Result "1/2-1/2"]
[ECO "B22"]
[WhiteElo "2640"]
[BlackElo "2768"]
[PlyCount "67"]
[EventDate "2018.01.13"]
[EventType "tourn"]
[EventRounds "13"]
[EventCountry "NED"]
[EventCategory "20"]
[SourceTitle "CBM 183"]
[Source "ChessBase"]
[SourceDate "2018.03.14"]
[SourceVersion "1"]
[SourceVersionDate "2018.03.14"]
[SourceQuality "1"]
[TimeControl "40/6000+30:20/3000+30:900+30"]

1. e4 c5 2. c3 Nf6 3. e5 Nd5 4. Nf3 e6 5. Bc4 d6 6. d4 cxd4 7. cxd4 Nc6 8. O-O Be7 9. exd6 Qxd6 10. Nc3 O-O 11. Re1 Rd8 12. a3 a6 13. Be3 Nxe3 14. fxe3 b6 15. Rc1 Bb7 16. Ba2 Rac8 17. Ne4 Qd7 18. Nfg5 Bxg5 19. Nxg5 h6 20. Nf3 Qd6 21. Rf1 Rc7 22. Qe2 Rdc8 23. Rcd1 Na5 24. Bb1 Nc4 25. Bd3 b5 26. Rf2 f5 27. e4 fxe4 28. Bxe4 Bxe4 29. Qxe4 Qd5 30. Re1 Qxe4 31. Rxe4 Rc6 32. Rfe2 a5 33. Ne5 Rd6 34. Nxc4 1/2-1/2